 Dungeon Crawl Stone Soup version 0.27-a0-577-ge2a43ba0c9 (webtiles) character file.

Game seed: 231779431395335041

139624 kae the Grappler (level 17, -8/159 HPs)
             Began as a Naga Transmuter on Mar 9, 2021.
             Was the Champion of Cheibriados.
             Mangled by a soldier ant (11 damage)
             ... on level 2 of the Lair of Beasts.
             The game lasted 00:28:15 (31122 turns).

kae the Grappler (Naga Transmuter)                 Turns: 31122, Time: 00:28:15

Health: -8/159     AC:  5    Str: 32    XL:     17   Next: 29%
Magic:  32/36      EV: 18    Int: 27    God:    Cheibriados [******]
Gold:   2141       SH:  0    Dex: 27    Spells: 11/36 levels left

rFire    + . .     SeeInvis +     - Unarmed
rCold    + . .     Faith    .   (no shield)
rNeg     + . .     Spirit   .   (armour currently unavailable)
rPois    ∞         Reflect  .   (no helmet)
rElec    +         Harm     .   I - +2 cloak
rCorr    .         Rampage  .   (gloves currently unavailable)
Will     ++...                  (no barding)
Stlth    ++........             m - amulet of regeneration
HPRegen  1.36/turn              j - ring of magical power
MPRegen  0.25/turn              z - ring of Dawn {rElec rF+ rC+ Dex+2}

@: statue-form, corroded, very slow
A: large, see invisible, clumsy 2, deformed body, deterioration 1, dopey 1,
frail 2, low mp 1, poison resistance, spit poison 1, naga tail 2, AC +5
a: Spit Poison, End Transformation, Renounce Religion, Bend Time, Temporal
Distortion, Slouch, Step From Time


You were on level 2 of the Lair of Beasts.
You worshipped Cheibriados.
Cheibriados was exalted by your worship.
You were a stone statue.
You visited 6 branches of the dungeon, and saw 26 of its levels.
You visited the Abyss 1 time.
You also visited: Bailey and Gauntlet.

You collected 2269 gold pieces.
You spent 128 gold pieces at shops.

Inventory:

Hand Weapons
 W - the +8 demon blade "Leech" {vamp, *Rage +Rage rN+}
   (You found it in a Gauntlet)

   It inflicts no extra harm, but heals its wielder when it wounds a living foe.
   It protects you from negative energy.
   It lets you go berserk.
   It may make you go berserk in combat.
Armour
 h - quicksilver dragon scales (melded)
 y - the +10 Black Knight's barding (melded) {ponderous, rPois rN+}
   (You acquired it in a bailey)

   It protects you from poison.
   It protects you from negative energy.
 I - a +2 cloak (worn)
 V - the +3 pair of gauntlets of War (melded) {Slay+5}
   (You found it in a Gauntlet)

   It affects your accuracy and damage with ranged weapons and melee attacks
   (+5).
Jewellery
 d - an amulet of faith
 j - a ring of magical power (left hand)
 m - an amulet of regeneration (around neck)
 r - the amulet "Puint" {Spirit Str+4 Slay+3}
   (You found it on level 15 of the Dungeon)

   [amulet of guardian spirit]

   It causes incoming damage to be split between your health and magic.
   It affects your strength (+4).
   It affects your accuracy and damage with ranged weapons and melee attacks
   (+3).
 z - the ring of Dawn (right hand) {rElec rF+ rC+ Dex+2}
   (You acquired it in a bailey)

   [ring of protection from fire]

   It affects your dexterity (+2).
   It protects you from fire.
   It protects you from cold.
   It insulates you from electricity.
 A - an amulet of reflection
 E - the ring "Viapiuh" {rPois rF++ MP+9 Int-3 Dex+6}
   (You found it on level 2 of the Lair of Beasts)

   [ring of dexterity]

   It affects your intelligence (-3).
   It affects your dexterity (+6).
   It greatly protects you from fire.
   It protects you from poison.
   It affects your magic capacity (+9).
 L - a ring of willpower
 P - the amulet "Kupran" {Acrobat +Inv +Fly Stlth+}
   (You found it on level 5 of the Lair of Beasts)

   [amulet of the acrobat]

   It helps you evade while moving and waiting.
   It lets you turn invisible.
   It lets you fly.
   It makes you more stealthy.
 U - the ring of Nyacly {rPois rF+ rN+++ Slay-6 Stlth+}
   (You found it in a Gauntlet)

   [ring of protection from fire]

   It affects your accuracy and damage with ranged weapons and melee attacks
   (-6).
   It protects you from fire.
   It protects you from poison.
   It renders you almost immune to negative energy.
   It makes you more stealthy.
Wands
 b - a wand of polymorph (13)
 i - a wand of paralysis (33)
 s - a wand of iceblast (3)
 x - a wand of charming (12)
 C - a wand of mindburst (31)
 N - a wand of acid (12)
Scrolls
 f - a scroll of magic mapping
 g - 2 scrolls of amnesia
 k - a scroll of blinking
 l - 8 scrolls of teleportation
 o - 8 scrolls of enchant weapon
 q - 2 scrolls of enchant armour
 v - a scroll of identify
 D - 4 scrolls of fog
Potions
 a - a potion of cancellation
 c - 8 potions of brilliance
 e - 2 potions of resistance
 n - 5 potions of berserk rage
 p - 5 potions of haste
 t - 10 potions of curing
 u - 4 potions of mutation
 w - 2 potions of might
 H - 2 potions of attraction
 M - 3 potions of invisibility
 O - 5 potions of flight
 Q - a potion of magic
 Y - a potion of ambrosia


   Skills:
 + Level 10.5 Fighting
 - Level 8.0 Armour
 + Level 9.1 Dodging
 * Level 14.6 Unarmed Combat
 - Level 10.0 Spellcasting
 * Level 14.5 Transmutations
 - Level 4.0 Ice Magic
 - Level 3.0 Poison Magic
 + Level 10.8 Invocations


You had 11 spell levels left.
You knew the following spells:

 Your Spells              Type           Power      Damage    Failure   Level
b - Spider Form           Tmut/Pois      28%        N/A       1%          3
c - Ice Form              Ice/Tmut       59%        N/A       1%          4
d - Blade Hands           Tmut           37%        N/A       1%          5
e - Dragon Form           Tmut           37%        N/A       10%         7
f - Statue Form           Tmut/Erth      34%        N/A       32%         6

Your spell library contained the following spells:

 Spells                   Type           Power      Damage    Failure   Level
 Beastly Appendage        Tmut           100%       N/A       0%          1
 Wereblood                Tmut           75%        N/A       0%          2
 Hydra Form               Tmut           37%        N/A       1%          6
 Animate Skeleton         Necr           26%        N/A       4%          1
 Corona                   Hex            14%        N/A       4%          1
 Foxfire                  Conj/Fire      52%        2x1d6     4%          1
 Magic Dart               Conj           52%        1d5       4%          1
 Pain                     Necr           52%        1d6       4%          1
 Blink                    Tloc           N/A        N/A       6%          2
 Searing Ray              Conj           26%        3d4       6%          2
 Slow                     Hex            13%        N/A       6%          2
 Irradiate                Conj/Tmut      25%        3d22      6%          5
 Yara's Violent Unravell  Hex/Tmut       25%        3d11      6%          5
 Mephitic Cloud           Conj/Pois/Air  18%        N/A       9%          3
 Conjure Flame            Conj/Fire      13%        6-21      13%         3
 Dazzling Flash           Conj/Hex       26%        N/A       13%         3
 Inner Flame              Hex/Fire       13%        N/A       13%         3
 Portal Projectile        Hex/Tloc       26%        N/A       13%         3
 Vampiric Draining        Necr           6%         2d6       13%         3
 Hailstorm                Conj/Ice       24%        3d7       19%         4
 Summon Ice Beast         Ice/Summ       24%        N/A       19%         4
 Animate Dead             Necr           6%         N/A       38%         4
 Cause Fear               Hex            6%         N/A       38%         4
 Fulminant Prism          Conj/Hex       6%         3d7       38%         4
 Iskenderun's Mystic Bla  Conj/Tloc      13%        2d5       38%         4
 Leda's Liquefaction      Hex/Erth       6%         N/A       38%         4
 Sticky Flame             Conj/Fire      13%        2d4       38%         4
 Metabolic Englaciation   Hex/Ice        12%        N/A       45%         5
 Agony                    Necr           13%        N/A       75%         5
 Fireball                 Conj/Fire      6%         3d5       75%         5
 Silence                  Hex/Air        6%         N/A       75%         5
 Summon Forest            Summ/Tloc      6%         N/A       75%         5
 Simulacrum               Ice/Necr       12%        N/A       96%         6
 Freezing Cloud           Conj/Ice/Air   10%        6-21      98%         6
 Malign Gateway           Summ/Tloc      6%         N/A       100%        7
 Ozocubu's Refrigeration  Ice            17%        4d8       100%        7
 Discord                  Hex            6%         N/A       100%        8


Dungeon Overview and Level Annotations

Branches:
Dungeon (15/15)            Temple (1/1) D:5            Lair (6/6) D:10
 Shoals (0/4) Lair:2       Spider (1/4) Lair:2        Slime (0/5) Lair:5
    Orc (2/2) D:10            Elf (1/3) Orc:2        Vaults (0/5) D:14
 Depths (0/5) D:15         Bailey (visited)         Gauntlet (visited)

Altars:
Ashenzari
Cheibriados
Dithmenos
Elyvilon
Fedhas
Gozag
Hepliaklqana
Kikubaaqudgha
Makhleb
Nemelex Xobeh
Okawaru
Qazlal
Ru
Sif Muna
Trog
Uskayaw
Vehumet
Wu Jian
Xom
Yredelemnul
Zin
The Shining One
Beogh

Shops:
D:8 =   Orc:1 *   Orc:2 [(?*   Elf:1 !!*(


Innate Abilities, Weirdness & Mutations

((Your serpentine skin is tough. (AC +5)))
You have supernaturally acute eyesight. (SInv)
Armour fits poorly on your strangely shaped body.
Your system is resistant to poisons. (rPois)
((You cover ground very slowly.))
You can spit poison.
You can use your snake-like lower body to constrict enemies.
You are very clumsy. (Dex -4)
Your body sometimes deteriorates upon taking damage.
You are dopey. (Int -2)
You are very frail. (-20% HP)
Your magical capacity is low. (-10% MP)


Message History

The soldier ant is caught in a web!
There is a hole to the Spider Nest here.
You pummel the entropy weaver!! You grab the entropy weaver.
You punch the entropy weaver, but do no damage.
The entropy weaver is heavily wounded.
You constrict the entropy weaver. The worker ant barely misses you.
The soldier ant closely misses you. The entropy weaver hits you.
The entropy weaver hits you!
* * * LOW HITPOINT WARNING * * *
The entropy weaver hits you!
* * * LOW HITPOINT WARNING * * *
The entropy weaver hits you!
* * * LOW HITPOINT WARNING * * *
The soldier ant stings you but does no damage.
The soldier ant misses you. x2; The soldier ant stings you.
* * * LOW HITPOINT WARNING * * *
The worker ant completely misses you.
You pulverise the entropy weaver!!!
You kill the entropy weaver!
Cheibriados thoroughly appreciates the change of pace.
The soldier ant misses you. The soldier ant closely misses you.
The soldier ant pulls away from the web.
The soldier ant barely misses you.
The worker ant bites you but does no damage.
The soldier ant misses you. The soldier ant stings you.
* * * LOW HITPOINT WARNING * * *
The soldier ant misses you.
Okay, then.
You punch the soldier ant! You grab the soldier ant.
The soldier ant is moderately wounded.
You constrict the soldier ant, but do no damage.
The worker ant bites you but does no damage.
The soldier ant misses you. x2
The soldier ant stings you but does no damage.
The soldier ant stings you!
* * * LOW HITPOINT WARNING * * *
The soldier ant stings you.
* * * LOW HITPOINT WARNING * * *
The soldier ant stings you!
You die...

..........##....####..### ####[..
..........###...#P...## ##...
≈###......###..###...## #....
≈≈##......#...^.......# ##...
≈≈≈......##.^.^.^.....# #...
≈≈#............^^^....## ##...
≈≈....).##.^^^^^^.^^^..######....
≈≈......#......BBB.......##P##...
≈≈P............B8B^..............
≈≈#.....#..^.^^†BB^^.............
≈#......#...^.^^.^^....###.......
#≈#.....+...^..^^^.....# ##......
###..........^.^^^^...P# #......
..#............^^^....## #.....#
.....................## #.....P
.....................# ##....##
.##.###.......#.....## #......#


You could see 6 soldier ants and a worker ant.

Vanquished Creatures
  A cacodemon (Gauntlet)
  A deep elf sorcerer (Elf:1)
  2 orc warlords (Orc:2)
  Nessos (Orc:2)
  A minotaur (Gauntlet)
  An entropy weaver (Lair:2)
  A deep elf annihilator (Elf:1)
  6 dire elephants (Lair:6)
  A fire dragon (Abyss:3)
  Harold (Orc:1)
  An ice dragon (Abyss:3)
  3 boulder beetles
  11 hydras
  An ogre mage (Abyss:3)
  Erica (D:9)
  4 centaur warriors
  2 anacondas
  4 two-headed ogres
  A tengu warrior (D:15)
  7 death yaks
  4 orc high priests (Orc:2)
  2 death knights
  6 dancing weapons (Elf:1)
  5 hell knights (Abyss:3)
  A thrashing horror (Abyss:3)
  A queen ant (Spider:1)
  Nergalle (Lair:3)
  A deep elf knight (Elf:1)
  A fire crab (Abyss:3)
  A skeletal warrior (D:15)
  3 starcursed masses (Abyss:3)
  A shadow dragon zombie (D:15)
  15 deep elf pyromancers
  6 orc knights
  2 necromancers
  7 deep elf zephyrmancers (Elf:1)
  A phantasmal warrior (D:15)
  4 deep elf archers (Elf:1)
  A wizard (D:14)
  11 ugly things
  A wolf spider zombie (D:14)
  6 orc sorcerers
  An oklob plant (D:10)
  5 cyclopes
  4 manticores
  A stone giant zombie (D:15)
  A worldbinder (Elf:1)
  12 elephants
  Joseph (D:8)
  A smoke demon (Abyss:3)
  3 gargoyles
  A torpor snail (Lair:5)
  5 black mambas
  Maggie (D:8)
  16 cane toads
  11 komodo dragons
  2 kobold demonologists (Bailey)
  5 rime drakes
  An efreet (D:14)
  A guardian mummy (D:15)
  7 trolls
  3 meliai (D:15)
  A meliai (shapeshifter) (D:15)
  3 dream sheep (Lair:5)
  4 hornets
  A polar bear (Lair:3)
  8 blink frogs
  3 raiju (Elf:1)
  A snapping turtle (Lair:2)
  14 slime creatures
  An air elemental (Elf:1)
  3 shadows
  A vampire (D:14)
  3 large abominations
  A fire elemental (Elf:1)
  5 wyverns
  48 yaks
  Grum (D:11)
  2 wraiths
  5 basilisks
  2 fire bats (Abyss:3)
  3 chaos spawn (Abyss:3)
  2 neqoxecs
  6 wargs (Orc:2)
  13 soldier ants
  17 water moccasins
  3 hell hounds (Abyss:3)
  A human skeleton (D:15)
  49 orc warriors
  4 sky beasts
  2 ice beasts
  A necrophage (D:10)
  2 eyes of draining
  2 black bears
  17 ogres
  24 wolves
  19 centaurs
  2 kobold brigands
  8 small abominations
  17 bullfrogs
  5 scorpions
  9 killer bees
  10 wights
  4 electric eels (Bailey)
  5 howler monkeys
  A tengu skeleton (D:15)
  A crimson imp (D:6)
  A bullfrog zombie (D:12)
  4 jellies
  A quasit (Abyss:3)
  2 centaur zombies
  6 hounds
  2 bullfrog skeletons
  29 orc priests
  3 iron imps (Abyss:3)
  2 iguanas
  18 orc wizards
  6 hell rats (Lair:4)
  6 worker ants
  A hound skeleton (D:6)
  A howler monkey zombie (D:9)
  10 gnolls
  2 worker ant zombies
  10 adders
  5 shadow imps
  2 white imps
  2 ufetubi
  6 oozes
  2 adder zombies
  3 worms
  2 dart slugs
  8 leopard geckos
  105 orcs
  7 giant cockroaches
  8 goblins
  10 hobgoblins
  10 jackals
  2 quokkas
  A ball python (D:3)
  6 bats
  5 frilled lizards
  5 goblin skeletons (D:6)
  3 hobgoblin zombies (D:6)
  14 kobolds
  2 kobold zombies (D:6)
  A leopard gecko skeleton (D:4)
  An orc skeleton (D:6)
  A quokka skeleton (D:5)
  A quokka zombie (D:5)
  5 rats
869 creatures vanquished.

Vanquished Creatures (collateral kills)
  A goblin (Bailey)
  A hobgoblin (Bailey)
2 creatures vanquished.

Vanquished Creatures (others)
  Asterion (Elf:1)
  A gnoll (Bailey)
  An orc (Bailey)
  A goblin (Bailey)
  29 fungi
  61 plants
  7 withered plants (D:15)
101 creatures vanquished.

Grand Total: 972 creatures vanquished

Notes
Turn   | Place    | Note
-------+----------+-------------------------------------------
     0 | D:1      | kae the Naga Transmuter began the quest for the Orb.
     0 | D:1      | Reached XP level 1. HP: 18/18 MP: 3/3
   305 | D:1      | Reached XP level 2. HP: 17/25 MP: 5/5
  1541 | D:2      | Reached XP level 3. HP: 29/31 MP: 6/6
  1545 | D:2      | Learned a level 3 spell: Spider Form
  2172 | D:2      | Reached skill level 1 in Poison Magic
  2658 | D:2      | Reached XP level 4. HP: 27/38 MP: 7/7
  3524 | D:3      | Reached XP level 5. HP: 25/45 MP: 4/8
  4672 | D:4      | Reached XP level 6. HP: 39/52 MP: 8/10
  4946 | D:4      | Found a hazy altar of Hepliaklqana.
  5714 | D:4      | Reached XP level 7. HP: 53/60 MP: 8/11
  5996 | D:5      | Entered Level 5 of the Dungeon
  6133 | D:5      | Learned a level 4 spell: Ice Form
  6255 | D:5      | Reached skill level 5 in Unarmed Combat
  6438 | D:5      | Reached skill level 1 in Armour
  6474 | D:5      | Found a staircase to the Ecumenical Temple.
  6491 | Temple   | Entered the Ecumenical Temple
  6755 | Temple   | Became a worshipper of Cheibriados the Contemplative
  7255 | D:6      | Reached skill level 1 in Ice Magic
  7538 | D:6      | Reached XP level 8. HP: 60/68 MP: 13/13
  7567 | D:6      | Found a glowing golden altar of the Shining One.
  7582 | D:6      | Reached * piety under Cheibriados
  8012 | D:6      | Reached skill level 5 in Transmutations
  8548 | D:7      | Reached ** piety under Cheibriados
  8600 | D:7      | Reached skill level 1 in Invocations
  8606 | D:7      | Reached XP level 9. HP: 76/76 MP: 14/14
  9061 | D:7      | Found an iron altar of Okawaru.
  9366 | D:8      | Found a sacrificial altar of Ru.
  9600 | D:8      | Found Viuskar's Jewellery Boutique.
  9775 | D:8      | Noticed Joseph
  9779 | D:8      | Noticed Maggie
  9792 | D:8      | Killed Joseph
  9809 | D:8      | Killed Maggie
 10116 | D:9      | Reached *** piety under Cheibriados
 10192 | D:9      | Noticed Erica
 10202 | D:9      | Killed Erica
 10203 | D:9      | Reached XP level 10. HP: 55/87 MP: 17/17
 10504 | D:9      | Found a flagged portal.
 10559 | Bailey   | Entered a bailey
 10812 | Bailey   | Noticed a kobold demonologist
 10812 | Bailey   | Noticed a kobold demonologist
 10879 | Bailey   | Killed a kobold demonologist
 10970 | Bailey   | Noticed a sixfirhy
 10974 | Bailey   | Killed a kobold demonologist
 10986 | Bailey   | Reached **** piety under Cheibriados
 10987 | Bailey   | Reached skill level 5 in Spellcasting
 11139 | Bailey   | Found an iron altar of Okawaru.
 11293 | Bailey   | Noticed an orc knight
 11301 | Bailey   | Killed an orc knight
 11302 | Bailey   | Reached skill level 5 in Fighting
 11695 | Bailey   | Acquired the ring of Dawn {rElec rF+ rC+ Dex+2}
 11699 | Bailey   | Acquired the +10 Black Knight's barding {ponderous, rPois
                  | rN+}
 11700 | Bailey   | Found the +10 Black Knight's barding {ponderous, rPois rN+}
 12091 | D:9      | Reached XP level 11. HP: 83/96 MP: 18/18
 12312 | D:9      | Learned a level 5 spell: Blade Hands
 12332 | D:10     | Entered Level 10 of the Dungeon
 12413 | D:10     | Reached ***** piety under Cheibriados
 12503 | D:10     | Found a staircase to the Orcish Mines.
 12608 | D:10     | Noticed an oklob plant
 12635 | D:10     | Found a staircase to the Lair.
 13546 | D:11     | Noticed a manticore
 13553 | D:11     | Killed a manticore
 13554 | D:11     | Reached skill level 5 in Dodging
 13555 | D:11     | Noticed Grum
 13561 | D:11     | Killed Grum
 13972 | D:10     | Killed an oklob plant
 13973 | D:10     | Reached skill level 5 in Invocations
 14023 | Lair:1   | Entered Level 1 of the Lair of Beasts
 14267 | Lair:1   | Noticed a five-headed hydra
 14275 | Lair:1   | Killed a ten-headed hydra
 15094 | Lair:2   | Reached ****** piety under Cheibriados
 15095 | Lair:2   | Reached XP level 12. HP: 105/105 MP: 21/21
 15115 | Lair:2   | Identified the ring "Viapiuh" {rPois rF++ MP+9 Int-3 Dex+6}
 15256 | Lair:2   | Found a hole to the Spider Nest.
 15414 | Lair:2   | Found a staircase to the Shoals.
 16014 | Lair:3   | Noticed Nergalle
 16020 | Lair:3   | Killed Nergalle
 16029 | Lair:3   | Reached skill level 5 in Armour
 16422 | Lair:3   | Reached skill level 10 in Unarmed Combat
 16436 | Lair:3   | Noticed a four-headed hydra
 16452 | Lair:3   | Killed a four-headed hydra
 16868 | Lair:4   | Reached skill level 10 in Transmutations
 17782 | Lair:5   | Gained mutation: You can use your snake-like lower body to
                  | constrict enemies. [Naga growth]
 17782 | Lair:5   | Reached XP level 13. HP: 115/115 MP: 23/23
 18208 | Lair:5   | Found a staircase to the Slime Pits.
 19134 | Lair:5   | You fall into a shaft and drop 1 floor!
 19134 | Lair:6   | Entered Level 6 of the Lair of Beasts
 19256 | Lair:6   | Reached XP level 14. HP: 91/126 MP: 25/25
 20097 | Lair:5   | Identified the amulet "Kupran" {Acrobat +Inv +Fly Stlth+}
 20930 | Lair:6   | Noticed a dire elephant
 20935 | Lair:6   | Killed a dire elephant
 20984 | Lair:6   | Noticed a dire elephant
 20984 | Lair:6   | Noticed a dire elephant
 20994 | Lair:6   | Killed a dire elephant
 20999 | Lair:6   | Killed a dire elephant
 21258 | Lair:6   | Noticed a dire elephant
 21267 | Lair:6   | Killed a dire elephant
 21465 | Lair:6   | Noticed a dire elephant
 21471 | Lair:6   | Killed a dire elephant
 21593 | Lair:6   | Noticed a dire elephant
 21599 | Lair:6   | Killed a dire elephant
 22486 | Lair:6   | Identified the +5 dagger "Rummage" {vorpal, rN+ MP+9 Dex-5}
 23169 | D:12     | Learned a level 7 spell: Dragon Form
 23530 | D:12     | Learned a level 6 spell: Statue Form
 23603 | D:13     | Reached XP level 15. HP: 134/134 MP: 27/27
 23728 | D:13     | Found a gate leading to a gauntlet.
 23753 | Gauntlet | Entered a Gauntlet
 23753 | Gauntlet | Found a transporter.
 23753 | Gauntlet | Found a large runed translucent door.
 23753 | Gauntlet | Found a large runed translucent door.
 23753 | Gauntlet | Found a large runed translucent door.
 23753 | Gauntlet | Found a large runed translucent door.
 23753 | Gauntlet | Found a large runed translucent door.
 23753 | Gauntlet | Found a large runed translucent door.
 23753 | Gauntlet | Found a runed translucent door.
 23753 | Gauntlet | Found a runed translucent door.
 23753 | Gauntlet | Found a large runed translucent door.
 23753 | Gauntlet | Found a large runed translucent door.
 23753 | Gauntlet | Found a large runed translucent door.
 23753 | Gauntlet | Found a large runed translucent door.
 23753 | Gauntlet | Found a large runed translucent door.
 23753 | Gauntlet | Found a large runed translucent door.
 23754 | Gauntlet | Found a large runed translucent door.
 23754 | Gauntlet | Found a large runed translucent door.
 23754 | Gauntlet | Found a large runed translucent door.
 23754 | Gauntlet | Found a large runed translucent door.
 23762 | Gauntlet | Found a transporter.
 23762 | Gauntlet | Found a runed translucent gate.
 23762 | Gauntlet | Found a runed translucent gate.
 23762 | Gauntlet | Found a runed translucent gate.
 23763 | Gauntlet | Found a transporter.
 23763 | Gauntlet | Noticed a cacodemon
 23764 | Gauntlet | Found a transporter.
 23767 | Gauntlet | Found a transporter.
 23768 | Gauntlet | Found a transporter.
 23776 | Gauntlet | Found a transporter.
 23783 | Gauntlet | Found a transporter.
 23795 | Gauntlet | Found a transporter.
 23814 | Gauntlet | Found a transporter.
 23816 | Gauntlet | Found a transporter.
 23824 | Gauntlet | Found a transporter.
 23896 | Gauntlet | Found the +3 pair of gauntlets of War {Slay+5}
 23898 | Gauntlet | Found the +8 demon blade "Leech" {vamp, *Rage +Rage rN+}
 23953 | Gauntlet | Killed a cacodemon
 23958 | Gauntlet | Identified the ring of Nyacly {rPois rF+ rN+++ Slay-6
                  | Stlth+}
 24946 | D:14     | Found a gate to the Vaults.
 25710 | D:15     | Entered Level 15 of the Dungeon
 25713 | D:15     | Identified the Grimoire of Warped Snow
 25720 | D:15     | Identified the amulet "Puint" {Spirit Str+4 Slay+3}
 26169 | D:15     | Gained mutation: Your magical capacity is low. (-10% MP)
                  | [mutagenic glow]
 26182 | D:15     | Gained mutation: You are clumsy. (Dex -2) [mutagenic glow]
 26188 | D:15     | Reached XP level 16. HP: 69/144 MP: 23/26
 26198 | D:15     | Found a staircase to the Depths.
 26209 | D:15     | Gained mutation: You are very clumsy. (Dex -4) [mutagenic
                  | glow]
 26294 | D:15     | Found a glowing silver altar of Zin.
 26625 | Orc:1    | Entered Level 1 of the Orcish Mines
 27019 | Orc:2    | Entered Level 2 of the Orcish Mines
 27038 | Orc:2    | Noticed Nessos
 27052 | Orc:2    | Killed Nessos
 27768 | Orc:2    | Found Gopsuh's Magic Scroll Shop.
 27785 | Orc:2    | Found Ufutoqev's General Store.
 27851 | Orc:2    | Reached skill level 10 in Invocations
 28161 | Orc:2    | Found a staircase to the Elven Halls.
 28423 | Orc:2    | Found Xyavoyda's Armour Boutique.
 28452 | Orc:2    | Found Imaaraq's Weapon Shop.
 28554 | Orc:2    | Reached skill level 10 in Fighting
 28865 | Orc:1    | Found Ucvosicy's General Store.
 28868 | Orc:1    | Bought a potion of mutation for 128 gold pieces
 28956 | Orc:1    | Noticed Harold
 28966 | Orc:1    | Killed Harold
 29179 | Elf:1    | Entered Level 1 of the Elven Halls
 29328 | Elf:1    | Found Visixkao's General Store.
 29328 | Elf:1    | Found Wuepriasch's Distillery.
 29338 | Elf:1    | Found Ginydint's Distillery.
 29516 | Elf:1    | Identified the Guide on Conjuration
 29606 | Elf:1    | Identified the +8 kite shield of the Shrike {rC+ Str+4}
 29606 | Elf:1    | Noticed Asterion
 29623 | Elf:1    | Killed Asterion
 29670 | Elf:1    | Cast into level 3 of the Abyss (+1 halberd of distortion)
 29751 | Abyss:3  | Gained mutation: Your body sometimes deteriorates upon
                  | taking damage. [mutagenic glow]
 29765 | Abyss:3  | Gained mutation: You are dopey. (Int -2) [mutagenic glow]
 29922 | Abyss:3  | Reached XP level 17. HP: 151/151 MP: 27/27
 29932 | Abyss:3  | Gained mutation: You are frail. (-10% HP) [mutagenic glow]
 29937 | Abyss:3  | Gained mutation: You are very frail. (-20% HP) [mutagenic
                  | glow]
 29947 | Abyss:3  | HP: 6/159 [hell knight/+4 halberd of distortion (4)]
 29954 | Elf:1    | Escaped the Abyss
 30243 | Elf:1    | Found Gevonoag's Antique Weapon Boutique.
 31073 | Spider:1 | Entered Level 1 of the Spider Nest
 31108 | Spider:1 | Reached skill level 10 in Spellcasting
 31122 | Lair:2   | HP: 4/159 [soldier ant (7)]
 31122 | Lair:2   | Mangled by a soldier ant

Illustrated notes

Levels and vault maps discovered:
D:1:      minmay_arrival_open_corners, layout_loops_corners, minmay_liquid_box,
          ebering_dispersal_statue_hall
D:2:      layout_rooms, serial_bayou, serial_bayou_pond_a, serial_bayou_pond_d,
          serial_bayou_shore_a, serial_bayou_lagoon_b, minmay_door_square
D:3:      layout_basic
D:4:      layout_gridville, lemuel_round_altar
D:5:      layout_loops_ring, minmay_temple_entry_overgrown, serial_rivers,
          chequers_serial_rivers_marsh, chequers_serial_rivers_small_b,
          chequers_serial_rivers_large_a, chequers_serial_rivers_micro_c,
          chequers_serial_rivers_micro_a, chequers_serial_rivers_micro_c
D:6:      layout_loops_ring, nicolae_tso_besieged_by_evil
D:7:      layout_loops_ring, kennysheep_mini
D:8:      layout_gridville, old_standard_altar, serial_shops,
          nicolae_shop_temple_entry_statues_fountains, uniq_joseph, uniq_maggie
D:9:      layout_layer_cave, enter_bailey_2, uniq_erica
D:10:     layout_cave_pools, dpeg_oklobed_lair, orc_0_dummy
D:11:     layout_loops_ring, uniq_grum
D:12:     layout_roguey, hangedman_decor_diamond_cutter, st_stairs_6
D:13:     layout_grid_maze, gauntlet_entry_generic
D:14:     layout_roguey, david_vaults_1, chequers_serial_rivers_room_b
D:15:     gammafunk_depths_entry_grave, layout_cave_pools, lemuel_altar_in_water
Temple:   dpeg_five_rooms_temple
Lair:1:   layout_cave_pods, eino_small_chamber_without_monster, ldierk_geyser
Lair:2:   layout_chaotic_city, minmay_shoals_entry_hut,
          spider_nest_entry_web_field
Lair:3:   layout_cave_shapes, grunt_megastairs_3, uniq_nergalle
Lair:4:   layout_cave_shapes
Lair:5:   nzn_winding_woodlands_huge [nzn_winding_woodlands_5x15_parted,
          nzn_winding_woodlands_5x15_cabin, nzn_winding_woodlands_5x15_twine,
          nzn_winding_woodlands_5x15_zeroes,
          nzn_winding_woodlands_5x15_sawtooth,
          nzn_winding_woodlands_5x15_longhouse,
          nzn_winding_woodlands_5x15_pathside_ponds,
          nzn_winding_woodlands_5x15_jagged,
          nzn_winding_woodlands_5x15_river_crossing,
          nzn_winding_woodlands_5x15_pool,
          nzn_winding_woodlands_center_triple_pond,
          nzn_winding_woodlands_center_lodge,
          nzn_winding_woodlands_15x15_five_gardens], layout_gridlike,
          nicolae_slime_entry_slimehenge
Lair:6:   due_jungle_book, layout_misc_corridors, serial_bayou_crossing,
          lemuel_fruit_fields
Spider:1: layout_spider_delve, minivault_29
Orc:1:    layout_diamond_mine, serial_shops, nicolae_shop_behind_doors,
          uniq_harold
Orc:2:    pubby_orc_utopia, serial_shops, uniq_nessos
Elf:1:    elf_arrival_002, layout_geoelf_diagonals, serial_shops, shop,
          minmay_elf_annihilation, minmay_shop_star, uniq_asterion

Skill      XL: |  1  2  3  4  5  6  7  8  9 10 11 12 13 14 15 16 17 |
---------------+----------------------------------------------------+-----
Poison Magic   | 1 2 3 |  3.0
Dodging        | 2 3 4 5 6 7 8 9 |  9.1
Transmutations | 3 4 5 6 7 9 10 11 12 13 14 | 14.5
Unarmed Combat | 4 5 6 7 8 9 10 11 12 13 14 | 14.6
Fighting       | 2 3 4 5 6 7 8 9 10 | 10.5
Spellcasting   | 3 4 5 6 7 8 9 10 | 10.0
Armour         | 1 2 3 4 5 6 7 8 |  8.0
Ice Magic      | 1 3 4 |  4.0
Invocations    | 1 3 4 5 6 7 8 9 10 | 10.8

Action                   |  1- 3 |  4- 6 |  7- 9 | 10-12 | 13-15 | 16-18 || total
-------------------------+-------+-------+-------+-------+-------+-------++-------
Melee: Unarmed           |   110 |   156 |   381 |   448 |   673 |   565 ||  2333
       Headbutt          |     5 |    10 |     1 |       |       |       ||    16
       Punch             |     3 |     1 |     4 |    26 |    78 |    89 ||   201
       Constrict         |       |       |       |       |   109 |   142 ||   251
       Tailslap          |       |       |       |       |     4 |     2 ||     6
       Bite              |       |       |       |       |     4 |     1 ||     5
 Cast: Beastly Appendage |    14 |    14 |     3 |       |       |       ||    31
       Spider Form       |       |     6 |    40 |     9 |     1 |       ||    56
       Ice Form          |       |       |     1 |    12 |       |       ||    13
       Blade Hands       |       |       |       |    50 |    45 |     7 ||   102
       Dragon Form       |       |       |       |       |     3 |     3 ||     6
       Statue Form       |       |       |       |       |    10 |    22 ||    32
Invok: Bend Time         |       |       |       |       |       |     1 ||     1
       Slouch            |       |       |       |       |       |     1 ||     1
 Abil: Spit Poison       |    32 |    20 |     9 |     1 |       |       ||    62
       Breathe Fire      |       |       |       |       |     2 |       ||     2
       End Transformatio |       |       |       |       |     1 |     2 ||     3
Evoke: Wand              |       |       |     3 |     8 |     1 |     1 ||    13
  Use: Scroll            |     1 |     8 |     6 |     6 |     7 |    14 ||    42
       Potion            |       |       |       |     1 |       |     3 ||     4
 Stab: Sleeping          |       |     1 |       |       |     1 |     2 ||     4
       Paralysed         |       |       |     6 |     4 |       |       ||    10
       Distracted        |       |       |       |     1 |     1 |       ||     2
Armor: Robe              |    31 |     5 |       |       |       |       ||    36
       Quicksilver drago |       |    19 |    34 |   249 |   520 |   207 ||  1029
       Skin              |       |       |    10 |    26 |   104 |   225 ||   365
Dodge: Dodged            |    73 |    81 |   280 |   368 |   712 |   670 ||  2184

Table legend: (Time is in decaauts)
 A = Elapsed time spent in this place.
 B = Non-inter-level travel time spent in this place.
 C = Inter-level travel time spent in this place.
 D = Time resting spent in this place.
 E = Time spent auto-exploring this place.
 F = Levels seen in this place.
 G = Mean time per level.
                   A        B        C        D        E       F      G
               +--------+--------+--------+--------+--------+-----+--------+
         Total |  60772 |  56702 |   4070 |   2164 |  47602 |  29 | 2095.6 |
       Dungeon |  27002 |  25337 |   1665 |    943 |  21382 |  15 | 1800.1 |
        Temple |    417 |    368 |     49 |      0 |    363 |   1 |  417.0 |
          Lair |  21397 |  19700 |   1697 |    299 |  18014 |   6 | 3566.2 |
   Spider Nest |     35 |     35 |      0 |      0 |      0 |   1 |   35.0 |
  Orcish Mines |   6041 |   5404 |    637 |    116 |   4354 |   2 | 3020.5 |
   Elven Halls |   2834 |   2813 |     21 |    337 |   2048 |   1 | 2834.0 |
         Abyss |    416 |    416 |      0 |      9 |    169 |   1 |  416.0 |
        Bailey |   1712 |   1712 |      0 |    332 |    726 |   1 | 1712.0 |
      Gauntlet |    915 |    915 |      0 |    126 |    542 |   1 |  915.0 |
               +--------+--------+--------+--------+--------+-----+--------+

Top non-repeatable levels by time:
  Lair:6: 6700 daAuts
  Lair:5: 5052 daAuts
   Orc:2: 4480 daAuts
   Elf:1: 2834 daAuts
  Lair:4: 2592 daAuts
  Lair:3: 2574 daAuts
  Lair:1: 2313 daAuts
     D:2: 2249 daAuts
     D:9: 2202 daAuts
  Lair:2: 2162 daAuts
    D:11: 2158 daAuts
    D:13: 2133 daAuts
    D:14: 2040 daAuts
    D:12: 1958 daAuts
     D:1: 1867 daAuts
